Map: Abiogênese LE

Players

IagoAbreu - Winner!

  • Race: Terran Terran
  • Spawn Location: 11:00

I.A. 1 (Mais difícil)

  • Race: Zerg Zerg
  • Spawn Location: 5:00

VOD

Have the link to the VOD?

Description

Time

  • Played on: May 7, 2018, 5:52 p.m.
  • Length: 14:19
Show
View Real Time Build Order
Export as new Build Order

IagoAbreu Terran - Winner!

Build Orders: MMM Bio 

Get SALT Encoding   

  12  0:02  SCV  
  14  0:14  SCV  
  14  0:23  Supply Depot  
  14  0:26  SCV  
  15  0:42  Refinery  
  15  0:45  SCV  
  16  0:51  Barracks  
  16  0:57  Supply Depot  
  16  0:58  SCV  
  17  1:11  SCV  
  18  1:24  Engineering Bay  
  18  1:25  SCV  
  19  1:37  Barracks  
  19  1:41  SCV  
  20  1:47  Barracks Reactor  
  20  2:00  Orbital Command  
  20  2:03  Terran Infantry Weapons Level 1  
  22  2:31  Barracks Tech Lab  
  20  2:50  Marine x2  
  22  3:08  Marine x2  
  22  3:10  Bunker  
  24  3:19  Command Center, Combat Shields  
  24  3:21  Marine  
  25  3:29  Marine x2  
  27  3:39  Marine, Factory  
  28  3:47  Marine x2  
  30  4:00  Supply Depot  
  30  4:11  Marine  
  31  4:20  Terran Infantry Armor Level 1  
  31  4:21  Marine x2  
  33  4:29  Marine  
  34  4:31  Supply Depot  
  34  4:34  Orbital Command  
  34  4:39  Marine x2  
  34  4:43  SCV  
  37  4:49  Stimpack  
  37  4:55  SCV  
  38  5:01  Refinery  
  29  5:07  SCV  
  29  5:13  Marauder  
  29  5:14  Marine x2  
  31  5:25  SCV  
  32  5:32  Marine x2  
  32  5:35  Marauder  
  36  5:37  SCV  
  36  5:41  Starport  
  37  5:49  SCV  
  38  5:51  Factory Reactor  
  38  6:04  Marine x2  
  38  6:08  Marauder  
  42  6:21  SCV  
  42  6:22  Marine x2  
  45  6:28  SCV  
  45  6:29  Marauder  
  48  6:33  SCV  
  49  6:40  Marine x2, SCV  
  49  6:41  Medivac  
  49  6:43  Medivac  
  49  6:45  SCV  
  57  6:51  Marauder  
  59  6:57  SCV  
  59  6:58  Marine x2  
  62  7:15  Factory Reactor  
  62  7:18  Marine x2, SCV, Marauder  
  62  7:20  Command Center  
  67  7:30  SCV  
  67  7:35  Marine x2  
  70  7:43  SCV  
  71  7:53  Marine x2  
  71  7:56  SCV  
  74  7:59  Marine  
  74  8:00  Marine  
  76  8:08  SCV  
  76  8:11  Marine  
  78  8:13  Marine  
  78  8:14  Siege Tank  
  78  8:17  Marine x2  
  84  8:22  Supply Depot  
  84  8:26  Supply Depot x2  
  84  8:29  Marine  
  84  8:31  Marine  
  86  8:35  Marine x2  
  88  8:42  Medivac  
  88  8:43  Medivac  
  88  8:44  Unknown  
  88  8:46  Siege Tank  
  88  8:47  Marine, Unknown  
  89  8:49  Marine  
  89  8:51  Unknown  
  89  8:53  Marine x2  
  92  9:18  Siege Tank  
  92  9:22  Marine x3  
  92  9:23  Marine  
  99  9:27  Orbital Command  
  99  9:36  Refinery  
  99  9:40  Marine x4  
  99  9:41  Refinery  
  103  9:46  Unknown  
  103  9:58  Marine x4  
  107  10:06  SCV  
  108  10:09  Viking x2  
  108  10:13  Siege Tank  
  115  10:16  Marine x4  
  115  10:18  SCV  
  120  10:22  SCV  
  121  10:30  SCV  
  121  10:34  SCV  
  123  10:39  Viking x2  
  123  10:42  SCV  
  128  10:45  Siege Tank  
  128  10:46  SCV  
  131  10:54  SCV  
  132  10:58  SCV  
  133  11:18  Supply Depot  
  133  11:19  Supply Depot  
  133  11:20  Supply Depot x2  
  133  11:25  Unknown  
  133  11:30  Marine x2  
  133  11:32  SCV, Siege Tank  
  112  11:44  Marine x2  
  114  11:48  Marine x2  
  116  12:02  Marine x2  
  116  12:05  Siege Tank  
  116  12:06  Marine x2  
  120  12:20  Marine x2  
  120  12:22  Unknown  
  110  12:23  Marine x2  
  111  12:37  Marine x2, Siege Tank  
  108  12:38  Medivac x2  
  108  12:41  Marine x2  
  115  12:55  Marine x2  
  117  12:59  Marine x2  
  115  13:09  Siege Tank  
  116  13:13  Marine x2  
  111  13:41  Siege Tank  
Show
View Real Time Build Order
Export as new Build Order

I.A. 1 (Mais difícil) Zerg 

Build Orders: Pool First 

Get SALT Encoding   

  12  0:00  Drone  
  13  0:12  Overlord  
  13  0:17  Drone  
  14  0:31  Drone x2  
  16  0:42  Spawning Pool  
  15  0:45  Drone  
  15  0:48  Drone  
  17  0:52  Extractor  
  17  0:56  Drone  
  17  1:06  Overlord  
  17  1:30  Queen  
  17  1:31  Zergling x2  
  20  1:36  Zergling x2  
  20  1:38  Drone, Roach Warren  
  21  1:43  Extractor  
  20  1:49  Drone  
  21  2:00  Drone  
  22  2:11  Overlord  
  22  2:21  Drone  
  23  2:32  Roach  
  25  2:37  Roach, Drone  
  25  2:42  Roach  
  25  2:43  Overlord  
  30  2:54  Drone  
  30  2:56  Ravager  
  32  3:00  Ravager  
  35  3:05  Roach  
  35  3:09  Drone  
  35  3:10  Roach  
  35  3:12  Overlord  
  38  3:15  Ravager  
  38  3:18  Roach  
  41  3:28  Roach  
  41  3:31  Baneling Nest  
  42  3:35  Evolution Chamber  
  42  3:38  Drone  
  42  3:40  Drone  
  42  3:41  Drone  
  44  3:45  Drone  
  45  3:50  Drone  
  46  4:01  Drone  
  47  4:31  Lair, Zerg Melee Weapons Level 1  
  47  4:33  Overlord  
  46  5:01  Zergling x2  
  41  5:09  Roach  
  37  5:17  Roach  
  36  5:25  Roach  
  38  5:30  Drone, Hydralisk Den  
  38  5:34  Infestation Pit  
  38  5:35  Drone  
  38  6:00  Hydralisk  
  38  6:02  Burrow  
  40  6:08  Spore Crawler  
  40  6:09  Roach  
  41  6:11  Spore Crawler  
  41  6:12  Drone  
  41  6:16  Roach  
  43  6:24  Roach  
  43  6:25  Hatchery  
  44  6:26  Drone, Zerg Missile Weapons Level 1  
  44  6:32  Roach  
  47  6:39  Hydralisk, Overlord  
  49  6:47  Hydralisk  
  51  6:55  Swarm Host  
  51  6:58  Spine Crawler  
  53  7:03  Swarm Host  
  53  7:06  Spine Crawler  
  53  7:07  Drone  
  56  7:09  Overseer  
  56  7:13  Queen  
  58  7:25  Evolution Chamber  
  58  7:26  Drone  
  58  7:37  Drone  
  58  7:38  Drone x3  
  58  7:44  Drone, Extractor  
  62  7:48  Spore Crawler, Overseer  
  62  7:49  Drone  
  62  7:51  Zerg Ground Armor Level 1  
  62  7:52  Spore Crawler, Drone  
  62  7:56  Drone  
  63  7:58  Drone  
  63  8:02  Drone  
  63  8:04  Drone  
  66  8:07  Drone  
  66  8:09  Drone  
  68  8:15  Overlord  
  68  8:18  Drone  
  69  8:20  Drone  
  69  8:25  Infestor  
  72  8:30  Infestor  
  74  8:34  Pneumatized Carapace  
  74  8:43  Zergling x2  
  58  8:52  Hatchery  
  50  8:59  Roach  
  50  9:01  Overseer  
  52  9:04  Roach  
  52  9:09  Roach  
  56  9:13  Hydralisk  
  58  9:19  Roach  
  62  9:24  Roach  
  62  9:29  Roach  
  64  9:32  Overlord  
  64  9:33  Hydralisk  
  66  9:38  Hydralisk  
  66  9:44  Roach  
  66  9:45  Overseer  
  70  9:49  Roach  
  72  9:53  Overlord  
  72  9:54  Roach  
  72  9:59  Overseer  
  74  10:03  Roach  
  76  10:08  Roach  
  76  10:13  Hydralisk  
  80  10:15  Overlord  
  80  10:18  Roach  
  82  10:23  Hydralisk  
  82  10:28  Hydralisk  
  84  10:33  Overlord, Infestor  
  88  10:42  Drone  
  89  10:44  Drone  
  89  10:46  Drone, Infestor  
  89  10:48  Drone  
  94  10:51  Drone, Overlord  
  96  10:57  Drone  
  96  10:59  Drone  
  96  11:01  Drone  
  96  11:03  Drone  
  99  11:05  Drone  
  99  11:07  Drone  
  99  11:09  Drone, Overlord  
  102  11:17  Hive  
  102  11:22  Drone  
  102  11:23  Drone  
  102  11:24  Drone  
  102  11:25  Hydralisk  
  105  11:26  Drone  
  105  11:28  Zergling x2, Drone  
  96  11:34  Roach  
  96  11:39  Roach  
  79  11:42  Drone  
  79  11:44  Roach, Drone  
  53  11:49  Roach  
  53  11:51  Extractor  
  52  11:54  Zergling x2  
  52  11:58  Hydralisk  
  52  12:00  Extractor  
  52  12:02  Overseer  
  52  12:07  Roach  
  54  12:12  Roach  
  54  12:17  Roach  
  54  12:19  Drone  
  54  12:22  Zergling x2, Drone  
  51  12:30  Queen  
  51  12:31  Viper  
  51  12:34  Hydralisk  
  48  12:39  Hydralisk  
  43  12:44  Hydralisk  
  43  12:51  Hydralisk  
  46  12:58  Zergling x2  
  46  13:02  Hydralisk  
  46  13:03  Zergling x2  
  29  13:14  Drone  
  30  13:23  Drone  
  23  13:30  Drone  
  23  13:32  Overlord  
  23  13:39  Drone  
  23  13:42  Drone x2  
  22  13:48  Drone  
  22  13:50  Drone x3  
  22  13:52  Drone  
  13  14:07  Drone  
Tags
 
Composition
MMM Bio
Matchup
TvZ
Opening
Pool First
Spawn Locations
Cross Positions
Add a new tag
Caveats
  • Supply blocks, unpowered buildings, or Contaminate may cause inaccurate times.
  • Supply counts are checked every 10 seconds.